 Dungeon Crawl Stone Soup version 0.22.1-1-ga44c0e5 (webtiles) character file.

15383 Fang the Cleaver (level 12, 0/79 HPs)
             Began as a Gargoyle Berserker on Oct 3, 2018.
             Was an Elder of Trog.
             Slain by a 15-headed hydra (1 damage)
             ... on level 3 of the Lair of Beasts.
             The game lasted 00:16:55 (12110 turns).

Fang the Cleaver (Gargoyle Berserker)              Turns: 12110, Time: 00:16:55

Health: 0/79       AC: 28    Str: 27    XL:     12   Next: 26%
Magic:  12/12      EV:  9    Int:  9    God:    Trog [****..]
Gold:   749        SH:  0    Dex: 13    Spells: 11/11 levels left

rFire    . . .     SeeInvis .   q - +4 war axe
rCold    . . .     Gourm    .   (no shield)
rNeg     + . .     Faith    .   B - +3 plate armour
rPois    ∞         Spirit   .   (no helmet)
rElec    +         Reflect  .   (no cloak)
rCorr    .         Harm     .   (no gloves)
MR       .....                  (no boots)
Stlth    ..........             o - amulet of regeneration
HPRegen  0.63/turn              d - +4 ring of dexterity
MPRegen  0.13/turn              k - +2 ring of protection

@: berserk cooldown, flying, slowed, very slow
A: big wings, clever 1, negative energy resistance 1, electricity resistance,
wild magic 1, unbreathing, petrification resistance, rot immunity, AC +8
a: Stop Flying, Berserk, Trog's Hand, Brothers in Arms, Renounce Religion


You were on level 3 of the Lair of Beasts.
You worshipped Trog.
Trog was greatly pleased with you.
You were near starving.

You visited 3 branches of the dungeon, and saw 14 of its levels.

You collected 749 gold pieces.

Inventory:

Hand Weapons
 q - a +4 war axe (weapon)
Armour
 B - a +3 plate armour (worn)
Jewellery
 d - a +4 ring of dexterity (left hand)
 e - an uncursed amulet of magic regeneration
 i - an uncursed ring of fire
 k - a +2 ring of protection (right hand)
 o - an amulet of regeneration (around neck)
 s - an uncursed ring of stealth
 D - an uncursed ring of protection from magic
Wands
 b - a wand of iceblast (10)
 r - a wand of polymorph (24)
 C - a wand of flame (41)
Scrolls
 f - 5 scrolls of teleportation
 h - a scroll of fear
 p - 4 scrolls of remove curse
 w - 2 scrolls of magic mapping
Potions
 g - a potion of magic
 j - 6 potions of curing
 l - 4 potions of might
 m - a potion of invisibility
 n - 2 potions of berserk rage
 t - 2 potions of brilliance
 u - 3 potions of agility
 v - 2 potions of lignification
 x - a potion of ambrosia {unknown}
 z - 2 potions of cancellation
 A - a potion of resistance
Comestibles
 a - a chunk of flesh
 c - 16 rations


   Skills:
 + Level 10.7 Fighting
 + Level 12.8 Axes
 + Level 9.3 Armour
 + Level 4.2 Dodging
 + Level 3.9 Stealth


You had 11 spell levels left.
You didn't know any spells.
Your spell library was empty.

Dungeon Overview and Level Annotations

Branches:
Dungeon (10/15)            Temple (1/1) D:4            Lair (3/6) D:10
 Shoals (0/4) Lair:2
  Snake: Lair:2-4    Spider: Lair:2-4       Orc: D:9-12

Altars:
Ashenzari
Cheibriados
Fedhas
Kikubaaqudgha
Sif Muna
Uskayaw
Wu Jian
Xom
Yredelemnul
Zin

Shops:
D:4 !

Annotations:
D:8 3 runed doors, MollyMolluskus's ghost, novice OpMo


Innate Abilities, Weirdness & Mutations

You are resistant to torment.
Your stone body is resilient. (AC +8)
You are immune to poison.
You resist negative energy. (rN+)
You are resistant to electric shocks. (rElec)
You can survive without breathing.
You are immune to petrification.
You are immune to rotting.
Your large and strong wings let you fly indefinitely.
Your mind is acute. (Int +2)
Your spells are a little harder to cast, but a little more powerful.


Message History

The 15-headed hydra barely misses you. x2
The 15-headed hydra bites you but does no damage.
The 15-headed hydra bites you.
* * * LOW HITPOINT WARNING * * *
The 15-headed hydra bites you but does no damage. x2
The 15-headed hydra closely misses you.
The 15-headed hydra bites you but does no damage. x2
The 15-headed hydra barely misses you.
The 15-headed hydra bites you but does no damage. x2
Your ogre goes berserk!
You feel quite a bit more hungry. Trog will no longer gift you weapons.
You are near starving!
The 15-headed hydra bites you.
* * * LOW HITPOINT WARNING * * *
The 15-headed hydra bites you but does no damage.
The 15-headed hydra bites you.
* * * LOW HITPOINT WARNING * * *
The 15-headed hydra bites you.
You die...

## ##...#.#. ≈≈...≈≈≈≈#.##
##...##. ≈≈≈..≈≈≈≈≈.≈##
##...P##
≈≈...≈≈≈≈≈≈≈≈####.......
≈..≈..≈≈≈≈≈≈≈≈........>.
..≈≈≈..≈≈≈≈≈≈≈≈≈........
..≈≈...O≈≈≈≈≈≈≈≈≈#.....#
......D†≈≈≈≈≈≈≈≈≈≈#.####
#@.≈≈≈≈≈≈≈≈≈### #..≈≈≈≈≈≈≈≈≈#
#..≈≈≈≈≈≈≈≈≈# ≈.
#..≈≈≈≈≈≈≈≈≈#####
≈≈.##########.≈≈≈≈≈≈≈≈≈#..#.#.
≈≈≈..........≈≈≈≈≈≈≈≈≈........
≈≈≈≈≈≈≈≈≈≈≈≈≈≈≈≈≈≈≈≈≈#≈...###.
≈≈≈≈≈≈≈≈≈≈≈≈≈≈≈≈≈≈≈≈≈#....#
#≈...≈≈≈≈≈≈≈≈≈≈≈≈####...##


You could see a 15-headed hydra and a friendly ogre (berserk).

Vanquished Creatures
  3 two-headed ogres
  2 black mambas
  6 spiny frogs
  2 komodo dragons
  A polar bear (Lair:3)
  Grinder (D:2)
  2 hippogriffs
  19 yaks
  4 basilisks
  2 hungry ghosts
  2 water moccasins
  8 porcupines
  3 sky beasts
  6 ogres
  An eye of draining (D:9)
  2 phantoms
  2 black bears
  2 ice beasts
  3 centaurs
  6 crocodiles
  2 big kobolds
  10 bullfrogs
  4 scorpions
  4 wights (D:10)
  An electric eel (Lair:3)
  A howler monkey (D:4)
  4 crimson imps
  7 hounds
  A centaur zombie (D:10)
  3 jellies
  7 orc wizards
  A gnoll shaman (D:8)
  3 orc priests
  2 bullfrog skeletons
  3 centaur skeletons
  3 iguanas
  Natasha (thrice) (D:3)
  10 worker ants
  4 hound skeletons
  A howler monkey zombie (D:7)
  13 adders
  3 gnolls (D:8)
  6 shadow imps
  An ooze (D:4)
  An adder zombie (D:5)
  3 adder skeletons
  3 worms (D:3)
  2 dart slugs
  6 leopard geckos
  20 orcs
  A ball python (D:4)
  9 giant cockroaches
  8 goblins
  7 hobgoblins
  18 jackals
  16 kobolds
  11 quokkas
  8 bats
  4 frilled lizards
  9 rats
300 creatures vanquished.

Vanquished Creatures (collateral kills)
  A hydra (Lair:1)
  A wyvern (Lair:1)
2 creatures vanquished.

Vanquished Creatures (others)
  A fungus (D:10)
  A plant (D:10)
2 creatures vanquished.

Grand Total: 304 creatures vanquished

Notes
Turn   | Place    | Note
-------+----------+-------------------------------------------
     0 | D:1      | Fang the Gargoyle Berserker began the quest for the Orb.
     0 | D:1      | Reached XP level 1. HP: 14/14 MP: 1/1
    61 | D:1      | Found a shattered altar of Ashenzari.
   246 | D:1      | Reached XP level 2. HP: 16/19 MP: 2/2
   353 | D:1      | Reached skill level 3 in Axes
   807 | D:2      | Reached XP level 3. HP: 16/24 MP: 3/3
   909 | D:2      | Found a glowing silver altar of Zin.
   909 | D:2      | Noticed an angel
   911 | D:2      | Found a shimmering altar of Xom.
  1196 | D:2      | Reached ** piety under Trog
  1329 | D:2      | Found a basalt altar of Yredelemnul.
  1340 | D:2      | Reached XP level 4. HP: 24/29 MP: 4/4
  1568 | D:2      | Found a faded altar of an unknown god.
  1660 | D:3      | Noticed Grinder
  1676 | D:3      | Paralysed by Grinder for 5 turns
  1705 | D:2      | Paralysed by Grinder for 2 turns
  1711 | D:2      | Killed Grinder
  1711 | D:2      | Reached skill level 4 in Axes
  1711 | D:2      | Reached skill level 1 in Stealth
  1711 | D:2      | Reached XP level 5. HP: 9/34 MP: 5/5
  1711 | D:2      | Reached XP level 6. HP: 11/39 MP: 6/6
  2302 | D:3      | Noticed Natasha
  2309 | D:3      | Killed Natasha
  2309 | D:3      | Reached skill level 5 in Axes
  2477 | D:3      | Noticed Natasha
  2489 | D:3      | Killed Natasha
  2489 | D:3      | Reached skill level 5 in Fighting
  2501 | D:3      | Noticed Natasha
  2519 | D:3      | Killed Natasha
  2519 | D:3      | Reached XP level 7. HP: 37/44 MP: 7/7
  2647 | D:4      | Reached *** piety under Trog
  3136 | D:4      | Reached skill level 6 in Axes
  3407 | D:4      | Found an ornate altar of the Wu Jian Council.
  3503 | D:4      | Reached XP level 8. HP: 50/50 MP: 8/8
  3765 | D:4      | Found Qiohi's Distillery.
  3953 | D:4      | Found a staircase to the Ecumenical Temple.
  3962 | Temple   | Entered the Ecumenical Temple
  4023 | D:5      | Entered Level 5 of the Dungeon
  4181 | D:5      | Reached skill level 7 in Axes
  4421 | D:5      | Gained mutation: Your large and strong wings let you fly
                  | indefinitely. [potion of mutation]
  4421 | D:5      | Gained mutation: Your spells are a little harder to cast,
                  | but a little more powerful. [potion of mutation]
  4421 | D:5      | Gained mutation: Your mind is acute. (Int +2) [potion of
                  | mutation]
  4594 | D:5      | Found a deep blue altar of Sif Muna.
  4655 | D:5      | Identified Sif Muna's Papyrus of Snow
  5070 | D:6      | Reached XP level 9. HP: 45/55 MP: 9/9
  5140 | D:6      | Reached skill level 8 in Axes
  5260 | D:6      | Reached **** piety under Trog
  5534 | D:6      | Noticed a two-headed ogre
  5548 | D:6      | Killed a two-headed ogre
  5548 | D:6      | Reached skill level 9 in Axes
  6046 | D:7      | Reached skill level 5 in Armour
  6320 | D:7      | Paralysed by fainting for 12 turns
  6667 | D:7      | Identified a scroll of acquirement
  6803 | D:8      | Reached XP level 10. HP: 63/63 MP: 10/10
  6852 | D:8      | Noticed a two-headed ogre
  6862 | D:8      | Killed a two-headed ogre
  6862 | D:8      | Reached skill level 10 in Axes
  7198 | D:8      | Found a basalt altar of Yredelemnul.
  7345 | D:8      | Received a gift from Trog
  7504 | D:8      | Found an ancient bone altar of Kikubaaqudgha.
  7504 | D:8      | Found a blossoming altar of Fedhas.
  7577 | D:8      | Found a runed gate.
  7577 | D:8      | Found a runed gate.
  7577 | D:8      | Noticed MollyMolluskus's ghost (novice OpMo)
  7578 | D:8      | Found a runed gate.
  7717 | D:8      | Found a hide-covered altar of Uskayaw.
  7728 | D:8      | Found a snail-covered altar of Cheibriados.
  9067 | D:10     | Entered Level 10 of the Dungeon
  9085 | D:10     | Reached skill level 11 in Axes
  9102 | D:10     | Reached XP level 11. HP: 44/69 MP: 11/11
  9115 | D:10     | Found a staircase to the Lair.
  9139 | D:10     | Reached ***** piety under Trog
  9333 | D:10     | Found a shimmering altar of Xom.
  9336 | D:10     | Found a shimmering altar of Xom.
  9336 | D:10     | Found a shimmering altar of Xom.
  9337 | D:10     | Found a shimmering altar of Xom.
  9337 | D:10     | Found a shimmering altar of Xom.
  9357 | D:10     | Noticed a two-headed ogre
  9367 | D:10     | Killed a two-headed ogre
  9914 | Lair:1   | Entered Level 1 of the Lair of Beasts
 10135 | Lair:1   | Reached skill level 12 in Axes
 10293 | Lair:1   | Noticed a four-headed hydra
 10302 | Lair:1   | Killed a four-headed hydra
 10936 | Lair:2   | Found a staircase to the Shoals.
 11004 | Lair:2   | Reached skill level 10 in Fighting
 11230 | Lair:2   | Reached XP level 12. HP: 78/78 MP: 12/12
 12086 | Lair:3   | Noticed a five-headed hydra
 12110 | Lair:3   | HP: 1/79 [15-headed hydra (6)]
 12110 | Lair:3   | Slain by a 15-headed hydra

Skill      XL: |  1  2  3  4  5  6  7  8  9 10 11 12 |
---------------+-------------------------------------+-----
Axes           | 3 4 5 6 7 9 11 12 | 12.8
Fighting       | 4 5 6 7 8 10 | 10.7
Dodging        | 2 3 4 |  4.2
Stealth        | 1 2 3 |  3.9
Armour         | 3 5 7 8 9 |  9.3

Action                   |  1- 3 |  4- 6 |  7- 9 | 10-12 || total
-------------------------+-------+-------+-------+-------++-------
Melee: Hand axe          |   110 |   123 |   576 |   578 ||  1387
       War axe           |       |       |       |    72 ||    72
Invok: Berserk           |       |     3 |     6 |     8 ||    17
       Brothers in Arms  |       |       |       |     4 ||     4
 Abil: Fly               |       |       |     1 |       ||     1
  Use: Scroll            |       |       |    18 |     8 ||    26
       Potion            |       |       |     5 |     2 ||     7
 Stab: Sleeping          |     2 |     3 |     7 |       ||    12
  Eat: Chunk             |     1 |     5 |    21 |    17 ||    44
       Ration            |       |       |     1 |     3 ||     4
Armor: Animal skin       |    58 |    45 |    68 |       ||   171
       Plate armour      |       |       |   301 |   473 ||   774
Dodge: Dodged            |    79 |    73 |   252 |   274 ||   678
